 Dungeon Crawl Stone Soup version 0.30.1-3-gfc49f6343a (webtiles) character file.

Game seed: 4609313308772484802

4 Anriel the Vexing (level 1, 0/11 HPs)
             Began as a Deep Elf Hexslinger on July 31, 2023.
             Slain by a jackal (1 damage)
             ... on level 1 of the Dungeon.
             The game lasted 00:01:26 (50 turns).

Anriel the Vexing (Deep Elf Hexslinger)               Turns: 50, Time: 00:01:26

Health: 0/11       AC:  2    Str:  7    XL:     1   Next: 58%
Magic:  5/5        EV: 12    Int: 17    God:
Gold:   0          SH:  0    Dex: 15    Spells: 2/3 levels left

rFire   . . .        a - +1 sling
rCold   . . .        (no shield)
rNeg    . . .        c - +0 robe
rPois   .            (no helmet)
rElec   .            (no cloak)
rCorr   .            (no gloves)
SInv    .            (no boots)
Will    .....        (no amulet)
Stlth   +            (no ring)
HPRegen 0.21/turn    (no ring)
MPRegen 0.09/turn

%: no passive effects
@: no status effects
A: no striking features
a: no special abilities


You were on level 1 of the Dungeon.
You visited 1 branch of the dungeon, and saw 1 of its levels.

Inventory:

Hand Weapons
 a - a +1 sling (weapon)
Armour
 c - a +0 robe (worn)
Scrolls
 b - a scroll of poison


   Skills:
 + Level 0.9 Fighting
 * Level 3.0 Ranged Weapons
 + Level 2.5 Dodging
 + Level 1.7 Spellcasting
 - Level 4.0 Hexes


You had 2 spell levels left.
You knew the following spells:

 Your Spells              Type           Power      Damage    Failure   Level
a - Slow                  Hex            60%        N/A       3%          1

Your spell library contained the following spells:

 Spells                   Type           Power      Damage    Failure   Level
 Inner Flame              Hex/Fire       8%         N/A       26%         3
 Portal Projectile        Hex/Tloc       16%        N/A       26%         3
 Cause Fear               Hex            7%         N/A       36%         4


Dungeon Overview and Level Annotations

Branches:
Dungeon (1/15)

Altars:


Message History

The sling bullet hits the jackal but does no damage.
The jackal is lightly wounded.
The jackal bites you but does no damage.
The jackal bites you.
You shoot a sling bullet.
The sling bullet barely misses the jackal.
The sling bullet closely misses the jackal.
The sling bullet hits the jackal but does no damage.
The jackal is heavily wounded.
The jackal barely misses you. The jackal closely misses you.
You shoot a sling bullet.
The sling bullet closely misses the jackal.
The sling bullet barely misses the jackal.
The sling bullet hits the jackal!
You kill the jackal!
The jackal bites you.
You shoot a sling bullet.
The sling bullet closely misses the jackal.
The sling bullet hits the jackal.
The jackal is lightly wounded.
The jackal barely misses you.
The jackal bites you but does no damage.
You shoot a sling bullet. The sling bullet hits the jackal.
The jackal is heavily wounded.
The jackal bites you.
* * * LOW HITPOINT WARNING * * *
The jackal bites you.
* * * LOW HITPOINT WARNING * * *
You shoot a sling bullet. The sling bullet hits the jackal.
You kill the jackal!
Your Ranged Weapons skill increases to level 3!
You aren't carrying any potions.
You shoot a sling bullet. The sling bullet hits the jackal.
The jackal is moderately wounded.
The jackal closely misses you. The jackal bites you.
* * * LOW HITPOINT WARNING * * *
You shoot a sling bullet. The sling bullet hits the jackal.
The jackal is heavily wounded.
The jackal bites you.
You die...
PPPPPPPPPPPP# PP...(.PPPPP# #.# ..PPPPP†.PPP# #.# PPP.......PP# #.# PP.PPP.PP.PP# #.# P.PP.PP.PP.P#

#.# .PP.P.PP.P.P####.#
.P.PPP.P.P....##.#
.PP.P.PP.P.P#.##@#
P.PP.PP.PP.P#.##h#
PP.PPP.PP.PP#.##.######.
PPP...PPP.PP............
..PPPPP..PPP.#...######.
PP.....PPPPP####.#


PPPPPPPPPPPP# #.# PPPPPP #.# ##### #.# You could see a jackal.

Vanquished Creatures
  3 jackals (D:1)
  A bat (D:1)
4 creatures vanquished.

Notes
Turn   | Place    | Note
-------+----------+-------------------------------------------
     0 | D:1      | Anriel the Deep Elf Hexslinger began the quest for the Orb.
     0 | D:1      | Reached XP level 1. HP: 11/11 MP: 5/5
    50 | D:1      | Slain by a jackal

Illustrated notes

Levels and vault maps discovered:
D:1:      roderic_crop_circles_arrival_small, layout_rooms

Skill      XL: |  1 |
---------------+----+-----
Ranged Weapons | 3 |  3.0
Fighting       | |  0.9
Dodging        | |  2.5
Spellcasting   | |  1.7
Hexes          | |  4.0

Action                     || total
---------------------------++-------
   Fire: Sling             ||    20
   Cast: Slow              ||     1
 Armour: Robe              ||     7
  Dodge: Dodged            ||     9
